 Dungeon Crawl Stone Soup version 0.20.1-1-g8b1a95d (webtiles) character file.

5754 mike239x the Ogre Mage (level 10, -1/76 HPs)
             Began as an Ogre Conjurer on Sept 22, 2017.
             Was a Priest of Hepliaklqana.
             Slain by a wraith (3 damage)
             ... on level 9 of the Dungeon.
             The game lasted 01:48:38 (10768 turns).

mike239x the Ogre Mage (Ogre Conjurer)             Turns: 10768, Time: 01:48:39

Health: -1/76      AC:  8    Str: 16      XL:     10   Next: 78%
Magic:  14/20      EV: 10    Int: 21      God:    Hepliaklqana [***...]
Gold:   480        SH:  0    Dex:  6 (9)  Spells: 6/27 levels left

rFire    + + .     SeeInvis .   H - +2 trident (freeze)
rCold    + . .     Gourm    .   (no shield)
rNeg     . . .     Faith    +   D - +1 robe
rPois    .         Spirit   .   (helmet restricted)
rElec    .         Reflect  .   t - scarf {rC+ rF+}
rCorr    .         Harm     .   (gloves unavailable)
MR       +....                  (boots unavailable)
Stlth    +.........             F - amulet of faith
Regen    0.3/turn               h - +2 ring of protection
MPRegen  0.2/turn               (no ring)

@: slowed, very slow
A: unfitting armour, reduced essence, beak, slimy green scales 1, clever 1,
deterioration 1, fire resistance 1, frail 1, low mp 1, strong 1, tough skin 1,
no potion heal 1
a: Recall Ancestor, Ancestor Identity, Transference, Renounce Religion


You were on level 9 of the Dungeon.
You worshipped Hepliaklqana.
Hepliaklqana was most pleased with you.
You were not hungry.

You visited 2 branches of the dungeon, and saw 11 of its levels.
You also visited: Sewer.

You collected 585 gold pieces.
You spent 105 gold pieces at shops.

Inventory:

Hand Weapons
 e - a +4 quarterstaff of chaos
 f - a +2 short sword of flaming
 l - a +1 spear of freezing
 H - a +2 trident of freezing (weapon)
Armour
 o - a +2 cloak of invisibility
 t - a scarf of resistance (worn)
 D - a +1 robe (worn)
Jewellery
 h - a +2 ring of protection (left hand)
 F - an amulet of faith (around neck)
 J - an uncursed amulet of magic regeneration {unknown}
Wands
 s - a wand of iceblast (14/15)
 w - a wand of flame (19/48)
 G - a wand of disintegration (10/24)
 I - a wand of acid (10/15)
 Q - a wand of flame (24/48)
Scrolls
 d - a scroll of identify
 m - 5 scrolls of teleportation
 n - 2 scrolls of blinking
 q - a scroll of enchant armour
 u - 2 scrolls of remove curse
 v - 2 scrolls of amnesia
 y - 2 scrolls of fog
 C - 2 scrolls of fear
 E - 3 scrolls of magic mapping
 L - a scroll of recharging
 P - a scroll of random uselessness
Potions
 g - a potion of heal wounds
 i - 2 potions of lignification
 j - a potion of haste
 p - 6 potions of flight
 x - 4 potions of degeneration {unknown}
 z - 3 potions of curing
 A - a potion of resistance
 N - a potion of invisibility {unknown}
Books
 a - a book of Callings

   Spells                             Type                      Level
   a - Summon Small Mammal            Summoning                    1
   b - Call Imp                       Summoning                    2
   c - Call Canine Familiar           Summoning                    3
   d - Summon Guardian Golem          Hexes/Summoning              3
   e - Summon Lightning Spire         Summoning/Air                4
   f - Summon Ice Beast               Ice/Summoning                4
 b - a book of Conjurations

   Spells                             Type                      Level
   a - Magic Dart                     Conjuration                  1
   b - Searing Ray                    Conjuration                  2
   c - Dazzling Spray                 Conjuration/Hexes            3
   d - Fulminant Prism                Conjuration/Hexes            4
   e - Force Lance                    Conjuration/Translocation    4
   f - Iskenderun's Mystic Blast      Conjuration                  4
 K - a book of Enchantments

   Spells                             Type                      Level
   a - Cause Fear                     Hexes                        4
   b - Yara's Violent Unravelling     Hexes/Transmutation          5
   c - Silence                        Hexes/Air                    5
   d - Deflect Missiles               Charms/Air                   6
   e - Discord                        Hexes                        8
 O - a book of Necromancy

   Spells                             Type                      Level
   a - Pain                           Necromancy                   1
   b - Animate Skeleton               Necromancy                   1
   c - Vampiric Draining              Necromancy                   3
   d - Regeneration                   Charms/Necromancy            3
   e - Animate Dead                   Necromancy                   4
   f - Control Undead                 Necromancy                   4
Comestibles
 c - 3 bread rations
 k - 3 meat rations
 r - 33 fruits
 B - 4 royal jellies
 M - 10 chunks of flesh


   Skills:
 - Level 5.1 Fighting
 - Level 0.3 Short Blades
 - Level 2.2(2.4) Polearms
 - Level 1.4(2.0) Staves
 - Level 4.2 Dodging
 - Level 1.5 Stealth
 - Level 9.0 Spellcasting
 - Level 7.2 Conjurations
 - Level 6.4 Hexes
 - Level 3.8 Summonings
 + Level 4.2 Air Magic


You had 6 spell levels left.
You knew the following spells:

 Your Spells              Type           Power        Failure   Level  Hunger
a - Magic Dart            Conj           ####         1%          1    None
b - Searing Ray           Conj           #####.       1%          2    None
c - Dazzling Spray        Conj/Hex       #####.       1%          3    None
d - Iskenderun's Mystic   Conj           #####...     3%          4    ##.....
e - Fulminant Prism       Conj/Hex       #####.....   4%          4    ##.....
f - Summon Guardian Gole  Hex/Summ       ####....     2%          3    None
g - Summon Lightning Spi  Summ/Air       ####....     14%         4    ##.....


Dungeon Overview and Level Annotations

Branches:
Dungeon (10/15)            Temple (1/1) D:4             Orc (0/2) D:9
   Lair: D:8-11

Altars:
Ashenzari
Cheibriados
Dithmenos
Elyvilon
Fedhas
Gozag
Hepliaklqana
Kikubaaqudgha
Makhleb
Nemelex Xobeh
Okawaru
Qazlal
Ru
Sif Muna
Trog
Uskayaw
Vehumet
Xom
Yredelemnul
Zin
The Shining One

Shops:
D:6 *

Annotations:
D:2 Natasha
D:5 Grinder


Innate Abilities, Weirdness & Mutations

You are too large for most types of armour.
You have tough skin. (AC +1)
Your life essence is reduced to manifest your ancestor. (-10% HP)
You have a beak for a mouth.
You are partially covered in slimy green scales. (AC +2)
Your mind is acute. (Int +2)
Your body sometimes deteriorates upon taking damage.
Your flesh is heat resistant. (rF+)
You are frail. (-10% HP)
Your magical capacity is low. (-10% MP)
Your muscles are strong. (Str +2)
Potions are less effective at restoring your health.


Message History

The troll closely misses you. A mysterious force pulls you upwards.
The hatch slams shut behind you.
Casting: Summon Guardian Golem
Confirm with . or Enter, or press ? or * to list all spells.
A guardian golem appears, shielding your allies.
The killer bee barely misses you. The killer bee stings you.
The wraith hits you but does no damage. The troll closely misses you.
The troll completely misses you. The troll claws you but does no damage.
The killer bee closely misses you. The wraith hits you.
The wraith drains your vigour!
You feel as though you will be slow longer.
Ishtar-belessa is recalled.
The killer bee closely misses you.
The killer bee stings you but does no damage.
The troll bites you!!
* * * LOW HITPOINT WARNING * * *
The troll claws you!
* * * LOW HITPOINT WARNING * * *
The troll claws you but does no damage. The wraith hits you.
You die...

###### ### #....###### #..
#....#....# #..
##########....#.##.# ##..
#........#.8R.#.##.#######...
#........#..@y#>............P
#........#..TW#.#........P...
#.............#.'............
#.............###.......[..P#
#......_......####.#####..P##
#..................# #.P.P#
#.............###### #.P...
#.........#.......# #.P...
#........##.#####.# ###.#..P


You could see the friendly Ishtar-belessa the battlemage, a troll, a wraith, a
killer bee and a friendly guardian golem.

Vanquished Creatures
  Prince Ribbit (D:6)
  A hippogriff (D:6)
  2 yaks (D:9)
  A shadow (D:9)
  A wraith (D:10)
  A human (D:6)
  2 ice beasts
  A sky beast (D:9)
  2 orc warriors (D:6)
  A centaur (D:5)
  2 big kobolds
  2 crocodiles
  A bullfrog (D:7)
  A scorpion (D:9)
  The ghost of letownia the Insei, a weakling OpTm (Sewer)
  2 howler monkeys
  A crimson imp (D:4)
  A centaur zombie (D:6)
  A bullfrog skeleton (D:6)
  Crazy Yiuf (D:2)
  2 hounds
  3 orc wizards
  Jessica (D:2)
  4 worker ants
  2 iguanas
  A merfolk avatar (Sewer)
  A hound zombie (D:9)
  2 hound skeletons
  A worker ant zombie (D:6)
  12 adders
  6 gnolls
  A river rat (Sewer)
  2 shadow imps
  An ooze (D:3)
  An adder skeleton (D:8)
  3 worms
  A dart slug (D:3)
  10 leopard geckos
  15 orcs
  7 ball pythons
  6 bats
  5 giant cockroaches
  10 hobgoblins
  11 jackals
  4 quokkas
  11 frilled lizards
  6 goblins
  12 kobolds
  2 leopard gecko skeletons
  A quokka skeleton (D:4)
  A quokka zombie (D:9)
  20 rats
191 creatures vanquished.

Vanquished Creatures (collateral kills)
  The ghost of coier the Thaumaturge, a novice DEFE of Vehumet (D:8)
  Sigmund (D:4)
  A yak (D:9)
  Eustachio (D:6)
  A wyvern (D:9)
  2 humans (D:6)
  2 orc warriors (D:8)
  A sky beast (D:8)
  2 ice beasts (D:6)
  2 centaurs
  A bullfrog (D:10)
  A water moccasin zombie (D:9)
  5 howler monkeys
  2 crimson imps (D:5)
  2 bullfrog zombies (D:8)
  An orc priest (D:7)
  A bullfrog skeleton (D:7)
  A jelly (D:8)
  An orc wizard (D:6)
  A merfolk siren (Sewer)
  2 worker ants
  3 gnolls (D:5)
  A river rat (Sewer)
  2 worker ant zombies
  2 adders
  An adder skeleton (D:6)
  A worm (D:7)
  4 orcs
  A kobold (D:9)
  A quokka (D:8)
  3 ball pythons (Sewer)
  A frilled lizard (Sewer)
  8 rats (Sewer)
60 creatures vanquished.

Vanquished Creatures (others)
  A battlemage (D:9)
  5 ancestors
  19 fulminant prisms
  9 fungi (D:5)
34 creatures vanquished.

Grand Total: 285 creatures vanquished

Notes
Turn   | Place    | Note
-------+----------+-------------------------------------------
     0 | D:1      | mike239x the Ogre Conjurer began the quest for the Orb.
     0 | D:1      | Reached XP level 1. HP: 16/16 MP: 3/3
   193 | D:1      | Reached XP level 2. HP: 24/24 MP: 0/5
   252 | D:1      | Learned a level 2 spell: Searing Ray
   501 | D:1      | Reached XP level 3. HP: 31/31 MP: 1/7
   998 | D:2      | Reached XP level 4. HP: 29/39 MP: 1/8
  1049 | D:2      | Reached skill level 3 in Spellcasting
  1179 | D:2      | Noticed Natasha
  1497 | D:3      | Learned a level 3 spell: Dazzling Spray
  1697 | D:3      | Reached skill level 5 in Conjurations
  2013 | D:3      | Reached XP level 5. HP: 42/46 MP: 2/10
  2426 | D:4      | Noticed Sigmund
  2459 | D:4      | Noticed an orc warrior
  3059 | D:2      | Found a runed door.
  3063 | D:2      | Noticed Crazy Yiuf
  3069 | D:2      | Killed Crazy Yiuf
  3069 | D:2      | Reached skill level 1 in Fighting
  3128 | D:2      | Noticed Jessica
  3134 | D:2      | Killed Jessica
  3134 | D:2      | Reached skill level 4 in Spellcasting
  3134 | D:2      | Reached XP level 6. HP: 52/55 MP: 7/12
  3674 | D:4      | Found a staircase to the Ecumenical Temple.
  3682 | Temple   | Entered the Ecumenical Temple
  3795 | Temple   | Became a worshipper of Hepliaklqana the Forgotten
  4322 | D:4      | Killed Sigmund
  4322 | D:4      | Reached skill level 1 in Staves
  4322 | D:4      | Reached skill level 1 in Hexes
  4322 | D:4      | Reached XP level 7. HP: 51/59 MP: 5/14
  4603 | D:5      | Entered Level 5 of the Dungeon
  4673 | D:5      | Found a glowing drain.
  4693 | D:5      | Learned a level 4 spell: Iskenderun's Mystic Blast
  4695 | Sewer    | Entered a sewer
  4761 | Sewer    | Reached skill level 5 in Spellcasting
  4777 | Sewer    | Noticed letownia's ghost (weakling OpTm)
  4784 | Sewer    | Killed letownia's ghost
  5167 | D:5      | Found a stormy altar of Qazlal.
  5177 | D:5      | Reached XP level 8. HP: 46/67 MP: 10/15
  5194 | D:5      | Reached skill level 1 in Polearms
  5448 | D:5      | Reached * piety under Hepliaklqana
  5512 | D:5      | Found a shimmering altar of Xom.
  5688 | D:5      | Noticed Grinder
  6128 | D:6      | Found Noquacs's Assorted Antiques.
  6154 | D:6      | Found a shattered altar of Ashenzari.
  6165 | D:6      | Bought a small peridot amulet for 105 gold pieces
  6437 | D:6      | Noticed Prince Ribbit
  6555 | D:6      | Killed Prince Ribbit
  6772 | D:6      | Noticed a hippogriff
  6780 | D:6      | Killed a hippogriff
  6780 | D:6      | Reached skill level 5 in Hexes
  6799 | D:6      | Found a glowing golden altar of the Shining One.
  6806 | D:6      | Noticed Eustachio
  6883 | D:6      | Reached XP level 9. HP: 14/74 MP: 9/17
  7200 | D:6      | Learned a level 4 spell: Fulminant Prism
  7722 | D:7      | Reached skill level 6 in Spellcasting
  7733 | D:7      | Reached ** piety under Hepliaklqana
  7754 | D:7      | Found a blossoming altar of Fedhas.
  7791 | D:7      | Remembered your ancestor Ishtar-belessa as a battlemage
  7801 | D:7      | Found a snail-covered altar of Cheibriados.
  7899 | D:6      | Learned a level 3 spell: Summon Guardian Golem
  7926 | D:6      | Killed Eustachio
  7926 | D:6      | Reached skill level 1 in Summonings
  8138 | D:6      | Reached skill level 7 in Spellcasting
  8435 | D:7      | Found an opulent altar of Gozag.
  8435 | D:7      | Found a glowing silver altar of Zin.
  8539 | D:7      | Found a bloodstained altar of Trog.
  8723 | D:8      | Learned a level 4 spell: Summon Lightning Spire
  8839 | D:8      | Noticed coier's ghost (novice DEFE)
  8847 | D:8      | Killed coier's ghost
  8847 | D:8      | Reached skill level 1 in Air Magic
  8847 | D:8      | Reached XP level 10. HP: 65/84 MP: 13/21
  8986 | D:9      | Found an ancient bone altar of Kikubaaqudgha.
  8995 | D:9      | Reached skill level 8 in Spellcasting
  9126 | D:9      | Gained mutation: You are partially covered in slimy green scales. (AC +2) [mutagenic meat]
  9127 | D:9      | Gained mutation: You are frail. (-10% HP) [mutagenic meat]
  9128 | D:9      | Gained mutation: Your mind is acute. (Int +2) [mutagenic meat]
  9129 | D:9      | Gained mutation: Potions are less effective at restoring your health. [mutagenic meat]
  9130 | D:9      | Gained mutation: Your flesh is heat resistant. (rF+) [mutagenic meat]
  9321 | D:9      | Reached *** piety under Hepliaklqana
  9465 | D:9      | Reached skill level 5 in Fighting
  9636 | D:8      | Reached skill level 9 in Spellcasting
  9643 | D:8      | Gained mutation: Your magical capacity is low. (-10% MP) [mutagenic meat]
  9645 | D:8      | Gained mutation: Your muscles are strong. (Str +2) [mutagenic meat]
  9646 | D:8      | Gained mutation: Your body sometimes deteriorates upon taking damage. [mutagenic meat]
  9647 | D:8      | Gained mutation: You have a beak for a mouth. [mutagenic meat]
 10057 | D:9      | Found a glowing silver altar of Zin.
 10089 | D:9      | Found a basalt altar of Yredelemnul.
 10104 | D:9      | Found a staircase to the Orcish Mines.
 10466 | D:10     | Entered Level 10 of the Dungeon
 10743 | D:10     | Found an opulent altar of Gozag.
 10768 | D:9      | HP: 2/76 [troll (11)]
 10768 | D:9      | Slain by a wraith

Skill      XL: |  1  2  3  4  5  6  7  8  9 10 |
---------------+-------------------------------+-----
Conjurations   | 4 5 6 7 |  7.2
Spellcasting   | 3 4 5 7 9 |  9.0
Dodging        | 2 3 4 |  4.2
Fighting       | 1 2 3 4 5 |  5.1
Staves         | 1 |  1.4
Hexes          | 1 5 6 |  6.4
Polearms       | 2 |  2.2
Summonings     | 3 |  3.8
Air Magic      | 1 4 |  4.2
Short Blades   | |  0.3
Stealth        | |  1.5

Action                   |  1- 3 |  4- 6 |  7- 9 | 10-12 || total
-------------------------+-------+-------+-------+-------++-------
Melee: Short sword       |     6 |    45 |       |       ||    51
       Quarterstaff      |       |    29 |    43 |    30 ||   102
       Spear             |       |       |   125 |       ||   125
       Trident           |       |       |       |    43 ||    43
       Peck              |       |       |       |     4 ||     4
 Cast: Magic Dart        |    32 |    22 |    20 |       ||    74
       Searing Ray       |     6 |    25 |    20 |     2 ||    53
       Dazzling Spray    |       |     5 |     4 |     3 ||    12
       Iskenderun's Myst |       |       |     7 |       ||     7
       Fulminant Prism   |       |       |    11 |     8 ||    19
       Summon Guardian G |       |       |     4 |    21 ||    25
Invok: Recall Ancestor   |       |     2 |     4 |     3 ||     9
       Ancestor Life: Ba |       |       |     1 |       ||     1
       Ancestor Identity |       |       |     1 |       ||     1
  Use: Scroll            |     5 |       |    10 |       ||    15
       Potion            |       |     5 |     4 |     1 ||    10
 Stab: Sleeping          |       |     2 |     1 |       ||     3
       Distracted        |       |       |     1 |     1 ||     2
  Eat: Chunk             |     1 |    11 |    11 |    11 ||    34
       Bread ration      |       |       |     2 |     1 ||     3
Armor: Robe              |     6 |    34 |    48 |    28 ||   116
       Skin              |       |     4 |       |       ||     4
Dodge: Dodged            |     8 |    74 |    93 |    48 ||   223
